 Dungeon Crawl Stone Soup version 0.29-a0-542-g075992c915 (webtiles) character file.

Game seed: 1567839843485408917

61168 dolemite99 the Severer (level 14, -1/127 HPs)
             Began as a Minotaur Gladiator on June 4, 2022.
             Was an Initiate of Ashenzari.
             Slain by a fire elemental (4 damage)
             ... created by the fiery vengeance of Ignis
             ... on level 6 of the Lair of Beasts on June 5, 2022.
             The game lasted 00:25:22 (22927 turns).

dolemite99 the Severer (Minotaur Gladiator)        Turns: 22927, Time: 00:25:23

Health: -1/127     AC: 29    Str: 24    XL:     14   Next: 59%
Magic:  13/13      EV:  8    Int:  5    God:    Ashenzari [......]
Gold:   639        SH: 13    Dex: 15    Spells: 13/13 levels left

rFire   . . .      SeeInvis .   a - +5 broad axe (vamp)
rCold   + + .      Faith    .   p - +0 kite shield
rNeg    . . .      Spirit   .   v - +0 plate armour
rPois   +          Reflect  .   Q - +1 hat
rElec   .          Harm     .   q - +2 cloak {rPois}
rCorr   .          Rampage  .   S - +0 pair of gloves
Will    +....      Rnd*Tele +   e - +2 pair of boots of Ashenzari's Burden {rC+ Dex+3, Range, Cun} (curse)
Stlth   ..........              E - amulet of regeneration
HPRegen 1.11/turn               F - +4 ring of protection
MPRegen 0.13/turn               c - ring of protection from cold

@: about to teleport, studying 4 skills, fire susceptible
A: horns 2, retaliatory headbutt, teleportitis 1
a: Renounce Religion, Shatter the Chains


You were on level 6 of the Lair of Beasts.
You worshipped Ashenzari.
Ashenzari was noncommittal.
You visited 3 branches of the dungeon, and saw 19 of its levels.

You collected 1564 gold pieces.
You spent 925 gold pieces at shops.

Inventory:

Hand Weapons
 a - a +5 vampiric broad axe (weapon)
 b - a +2 hand axe of flaming
Missiles
 d - 3 throwing nets
 u - 34 poisoned darts
 K - 11 boomerangs (quivered)
Armour
 e - the cursed +2 pair of boots of Ashenzari's Burden (worn) {rC+ Dex+3, Range, Cun}
   (You found it on level 4 of the Lair of Beasts)

   Dex:       It affects your dexterity (+3).
   rC:        It protects you from cold.
   It has a curse which improves the following skills: Ranged Combat: Slings,
   Bows, Crossbows and Throwing.
   Cunning:   Dodging and Stealth.
 p - a +0 kite shield (worn)
 q - a +2 cloak of poison resistance (worn)
 v - a +0 plate armour (worn)
 Q - a +1 hat (worn)
 S - a +0 pair of gloves (worn)
Jewellery
 c - a ring of protection from cold (right hand)
 l - a ring of magical power
 o - a +6 ring of intelligence
 B - a ring of fire
 E - an amulet of regeneration (around neck)
 F - a +4 ring of protection (left hand)
 U - a ring of fire
 Y - a ring of wizardry
 Z - a ring of see invisible
Wands
 A - a wand of paralysis (5)
 D - a wand of flame (57)
 H - a wand of polymorph (9)
 X - a wand of iceblast (2)
Scrolls
 f - 8 scrolls of noise
 g - 8 scrolls of magic mapping
 k - 5 scrolls of fog
 r - 2 scrolls of immolation
 w - 4 scrolls of vulnerability
 G - a scroll of brand weapon
 I - 3 scrolls of poison
 J - 4 scrolls of amnesia
 N - 5 scrolls of teleportation
 R - 9 scrolls of identify {@r1}
 W - a scroll of silence
Potions
 h - 4 potions of lignification
 j - 9 potions of ambrosia
 m - 6 potions of curing
 s - a potion of haste
 t - 2 potions of magic
 x - a potion of degeneration {unknown}
 z - 4 potions of attraction
 C - a potion of flight
 M - 2 potions of heal wounds
 O - 5 potions of brilliance
 P - a potion of cancellation
 T - a potion of invisibility
 V - 2 potions of resistance
Miscellaneous
 i - a phantom mirror (inert)
 n - a box of beasts (inert)
 y - a phial of floods (inert)


   Skills:
 - Level 12.9 Fighting
 - Level 18.4(18.8) Axes
 - Level 5.7(13.3) Maces & Flails
 - Level 9.7(10.1) Throwing
 + Level 12.1 Armour
 - Level 3.2(3.6) Dodging
 - Level 15.1 Shields


You had 13 spell levels left.
You didn't know any spells.
Your spell library contained the following spells:

 Spells                   Type           Power      Damage    Failure   Level
 Apportation              Tloc           0%         N/A       100%        1
 Freeze                   Ice            0%         1d3       100%        1
 Necrotize                Necr           0%         1d4       100%        1
 Summon Small Mammal      Summ           0%         N/A       100%        1
 Sublimation of Blood     Necr           0%         N/A       100%        2
 Wereblood                Tmut           0%         N/A       100%        2
 Dazzling Flash           Conj/Hex       0%         N/A       100%        3
 Frozen Ramparts          Ice            0%         1d2       100%        3
 Inner Flame              Hex/Fire       0%         N/A       100%        3
 Summon Guardian Golem    Hex/Summ       0%         N/A       100%        3
 Cause Fear               Hex            0%         N/A       100%        4
 Corpse Rot               Necr/Pois/Air  0%         N/A       100%        4
 Dispel Undead            Necr           0%         3d6       100%        4
 Hailstorm                Conj/Ice       0%         3d3       100%        4
 Iskenderun's Mystic Bla  Conj/Tloc      0%         2d3       100%        4
 Death Channel            Necr           0%         N/A       100%        6
 Starburst                Conj/Fire      0%         6d3       100%        6
 Orb of Destruction       Conj           0%         9d5       100%        7
 Spellforged Servitor     Conj/Summ      0%         N/A       100%        7
 Summon Hydra             Summ           0%         N/A       100%        7
 Discord                  Hex            0%         N/A       100%        8


Dungeon Overview and Level Annotations

Branches:
Dungeon (12/15)            Temple (1/1) D:5            Lair (6/6) D:9
  Swamp (0/4) Lair:2        Snake (0/4) Lair:4        Slime (0/5) Lair:5
    Orc (0/2) D:10

Altars:
Ashenzari
Cheibriados
Dithmenos
Elyvilon
Fedhas
Gozag
Hepliaklqana
Kikubaaqudgha
Makhleb
Nemelex Xobeh
Okawaru
Qazlal
Ru
Sif Muna
Trog
Uskayaw
Vehumet
Wu Jian
Xom
Yredelemnul
Zin
The Shining One
Ignis
Jiyva
Lugonu

Shops:
D:7 :   D:11 !(?:=

Annotations:
D:3 1 exclusion
D:12 Kirke
Lair:3 2 transporters, Caeppaus's ghost, journeyman GrFi
Lair:5 1 runed translucent door, spaghetti's ghost, journeyman NaFE


Innate Abilities, Weirdness & Mutations

You have a pair of horns on your head.
You reflexively headbutt those who attack you in melee.
You are occasionally teleported next to monsters.


Message History

The tyrant leech is heavily wounded.
You barely miss the fire elemental. You closely miss the fire elemental.
The fire elemental hits you. The fire elemental burns you!
The tyrant leech bites you.
The tyrant leech draws strength from your injuries!
The fire elemental hits you. The fire elemental burns you!
The fire elemental hits you. The fire elemental burns you!
You hit the tyrant leech.
You feel better.
The tyrant leech is heavily wounded.
You closely miss the fire elemental. You hit the fire elemental.
You feel yourself speed up. The fire elemental hits you.
The fire elemental burns you! You block the tyrant leech's attack.
The fire elemental hits you. The fire elemental burns you!
* * * LOW HITPOINT WARNING * * *
You block the fire elemental's attack.
You closely miss the tyrant leech. You headbutt the tyrant leech!
The tyrant leech is severely wounded.
You hit the fire elemental. x2; The fire elemental hits you.
The fire elemental burns you!
* * * LOW HITPOINT WARNING * * *
You block the tyrant leech's attack. You block the fire elemental's attack.
The tyrant leech bites you.
* * * LOW HITPOINT WARNING * * *
The tyrant leech draws strength from your injuries!
You hit the tyrant leech.
You feel better.
The tyrant leech is severely wounded.
You closely miss the fire elemental. x2; The fire elemental hits you.
The fire elemental burns you!
* * * LOW HITPOINT WARNING * * *
You block the fire elemental's attack.
As you read the scroll of teleportation, it crumbles to dust.
You feel strangely unstable. The fire elemental hits you.
The fire elemental burns you!
* * * LOW HITPOINT WARNING * * *
The fire elemental hits you. The fire elemental burns you!
* * * LOW HITPOINT WARNING * * *
You block the tyrant leech's attack. The fire elemental hits you.
The fire elemental burns you!
You die...

...................#..#..#
.............####...#..###
............####.#.(.###
........[...###..#..#######
...........#.#.......#.#..##
.#........................P######
##.........[...............##.#.#
.##P.......#...............###..#
#####......#..°E@...........##..#
### #.....##..○Ew.........###....
..###.....##............#.####...
...###..####≈≈≈≈≈........^.##....
...######.≈≈.≈.≈≈≈≈≈.............
......≈.##≈≈≈≈≈≈≈≈≈≈≈...#........
........##≈P≈≈≈≈≈≈≈≈≈≈.≈#........
.....P.≈##≈≈≈≈≈≈≈≈≈≈≈≈≈.##.......
....≈.P≈.##≈≈≈≈≈≈≈≈≈P≈≈..#.......


You could see a tyrant leech and 2 fire elementals.

Vanquished Creatures
  Nessos (Lair:5)
  8 hydras
  A boulder beetle (Lair:6)
  12 death yaks
  A fire crab (Lair:6)
  4 lindwurms (Lair:4)
  A deep elf pyromancer (D:11)
  A cyclops (D:11)
  13 elephants
  3 black mambas
  2 torpor snails
  24 cane toads
  12 komodo dragons
  8 rime drakes
  3 kobold demonologists (D:11)
  2 trolls
  2 polar bears
  2 tyrant leeches (Lair:6)
  28 blink frogs
  14 dream sheep (Lair:6)
  A shadow (D:11)
  A wraith (D:10)
  Eustachio (D:5)
  25 yaks
  3 basilisks
  2 wyverns
  7 fire elementals
  3 hogs (D:12)
  2 steam dragons
  11 vampire mosquitoes
  5 nagas (Lair:4)
  2 hell hounds (Lair:4)
  15 water moccasins
  5 orc warriors
  5 sky beasts
  An ice beast (D:5)
  A black bear (Lair:2)
  An ogre (D:6)
  6 centaurs
  4 wolves (Lair:2)
  2 phantoms
  4 kobold brigands
  A gnoll sergeant (D:8)
  13 bullfrogs
  6 necrophages (Lair:5)
  A two-headed ogre simulacrum (D:11)
  5 scorpions
  13 wights
  15 killer bees
  4 howler monkeys
  5 electric eels
  2 hounds (D:5)
  A gnoll shaman (D:10)
  4 jellies
  8 orc priests
  4 iguanas (D:5)
  15 orc wizards
  A mummy (D:8)
  8 gnolls
  9 adders
  A naga simulacrum (D:11)
  A white imp (D:5)
  3 worms
  5 dart slugs
  65 orcs
  A bat (D:2)
  7 endoplasms
  3 giant cockroaches (D:2)
  6 hobgoblins
  3 jackals (D:4)
  21 kobolds
  3 quokkas
  3 ball pythons
  2 frilled lizards
  9 goblins
  4 rats
  2 butterflies
503 creatures vanquished.

Vanquished Creatures (collateral kills)
  A hydra (Lair:6)
  Urug (D:10)
  A blink frog (Lair:6)
  An orc (D:3)
  A kobold (D:10)
  2 foxfires (Lair:2)
7 creatures vanquished.

Vanquished Creatures (others)
  A blink frog (Lair:6)
  2 sky beasts
  5 demonic plants (D:11)
  100 foxfires
  23 fungi
  99 plants
230 creatures vanquished.

Grand Total: 740 creatures vanquished

Notes
Turn   | Place    | Note
-------+----------+-------------------------------------------
     0 | D:1      | dolemite99 the Minotaur Gladiator began the quest for the
                  | Orb.
     0 | D:1      | Reached XP level 1. HP: 18/18 MP: 0/0
    39 | D:1      | Reached skill level 4 in Axes
   272 | D:1      | Reached XP level 2. HP: 25/25 MP: 1/1
   769 | D:2      | Found a faded altar of an unknown god.
   777 | D:2      | Reached skill level 5 in Axes
   780 | D:2      | Reached XP level 3. HP: 5/30 MP: 2/2
  1562 | D:2      | Prayed at the altar of an unknown god.
  1562 | D:2      | Became a worshipper of Ignis, the Dying Flame
  1877 | D:2      | Reached XP level 4. HP: 33/37 MP: 3/3
  1981 | D:2      | Reached skill level 6 in Axes
  2495 | D:3      | Noticed a moth of wrath
  2498 | D:3      | Found a bloodstained altar of Trog.
  2897 | D:3      | Reached XP level 5. HP: 32/42 MP: 4/4
  2898 | D:3      | Reached skill level 7 in Axes
  3738 | D:4      | Found a glowing golden altar of the Shining One.
  3859 | D:4      | Noticed a phantom
  3872 | D:4      | Killed a phantom
  3873 | D:4      | Reached skill level 8 in Axes
  3873 | D:4      | Reached XP level 6. HP: 44/50 MP: 5/5
  4164 | D:5      | Entered Level 5 of the Dungeon
  4164 | D:5      | Found a staircase to the Ecumenical Temple.
  4171 | D:5      | Reached skill level 9 in Axes
  4285 | D:5      | Noticed an ice beast
  4356 | D:5      | Noticed Eustachio
  4685 | D:5      | Killed Eustachio
  4686 | D:5      | Reached skill level 10 in Axes
  4686 | D:5      | Reached XP level 7. HP: 56/56 MP: 6/6
  5108 | D:5      | Noticed a troll
  5123 | D:5      | Reached skill level 11 in Axes
  5133 | D:5      | Killed a troll
  5134 | D:5      | Reached skill level 12 in Axes
  5134 | D:5      | Reached XP level 8. HP: 22/62 MP: 7/7
  5955 | D:6      | Reached skill level 13 in Axes
  6830 | D:6      | Reached skill level 14 in Axes
  6921 | D:6      | Reached XP level 9. HP: 64/68 MP: 8/8
  7014 | D:6      | Found a snail-covered altar of Cheibriados.
  7888 | D:7      | Found Wiunleiraroa's Book Boutique.
  7914 | D:7      | Reached skill level 15 in Axes
  8729 | D:7      | Found an ancient bone altar of Kikubaaqudgha.
  8762 | D:7      | Found a sparkling altar of Nemelex Xobeh.
  8765 | D:7      | Found a basalt altar of Yredelemnul.
  8780 | D:7      | Found an iron altar of Okawaru.
  8899 | D:7      | Noticed a skeletal warrior
  8936 | D:7      | Found a white marble altar of Elyvilon.
  9376 | D:8      | Reached skill level 16 in Axes
  9721 | D:8      | Reached XP level 10. HP: 65/75 MP: 9/9
 10207 | D:8      | Reached skill level 5 in Fighting
 10369 | D:8      | Reached skill level 1 in Armour
 11010 | D:8      | Reached skill level 1 in Shields
 11524 | D:9      | Reached skill level 5 in Shields
 11656 | D:9      | Found a staircase to the Lair.
 11800 | D:9      | Found a blossoming altar of Fedhas.
 12124 | D:10     | Entered Level 10 of the Dungeon
 12251 | D:10     | Found an opulent altar of Gozag.
 12322 | D:10     | Noticed Urug
 12329 | D:10     | HP: 4/84 [Urug/javelin (15)]
 12356 | D:10     | Killed Urug
 12737 | D:10     | Reached XP level 11. HP: 53/92 MP: 10/10
 12926 | D:10     | Found a staircase to the Orcish Mines.
 13038 | D:10     | Reached skill level 5 in Armour
 13394 | D:11     | Found Qius's Jewellery Emporium.
 13397 | D:11     | Noticed a six-headed hydra
 13404 | D:11     | Killed a six-headed hydra
 13450 | D:11     | Found Kecs's Book Shoppe.
 13463 | D:11     | Bought a ring of protection from fire for 325 gold pieces
 13606 | D:11     | Found Noahug Ozaom's Magic Scroll Emporium.
 13613 | D:11     | Bought a scroll of enchant weapon for 127 gold pieces
 13613 | D:11     | Bought a scroll of enchant weapon for 127 gold pieces
 13613 | D:11     | Bought a scroll of enchant weapon for 127 gold pieces
 13613 | D:11     | Bought a scroll of poison for 59 gold pieces
 13613 | D:11     | Bought a scroll of teleportation for 51 gold pieces
 13613 | D:11     | Bought a scroll of identify for 34 gold pieces
 13674 | D:11     | Found a corrupted altar of Lugonu.
 13680 | D:11     | Gained mutation: You are occasionally teleported next to
                  | monsters. [a neqoxec]
 13690 | D:11     | Reached skill level 5 in Throwing
 13769 | D:11     | Found Otaqow's Antique Weapon Shoppe.
 13975 | D:11     | Found Tenuuh's Distillery.
 13981 | D:11     | Bought a potion of heal wounds for 75 gold pieces
 14180 | D:11     | Noticed a deep elf pyromancer
 14192 | D:11     | Killed a deep elf pyromancer
 14430 | D:12     | Noticed Kirke
 14450 | D:12     | Noticed a lindwurm
 14866 | Lair:1   | Entered Level 1 of the Lair of Beasts
 15438 | Lair:1   | Reached XP level 12. HP: 81/100 MP: 11/11
 15504 | Lair:1   | Reached skill level 17 in Axes
 16298 | Lair:2   | Reached skill level 18 in Axes
 16812 | Lair:2   | Reached skill level 1 in Maces & Flails
 16922 | Lair:2   | Noticed a six-headed hydra
 16933 | Lair:2   | Killed a six-headed hydra
 17018 | Lair:2   | Noticed a six-headed hydra
 17024 | Lair:2   | Killed a six-headed hydra
 17025 | Lair:2   | Reached skill level 5 in Maces & Flails
 17273 | Lair:2   | Found a staircase to the Swamp.
 17289 | Lair:2   | Noticed a death yak
 17289 | Lair:2   | Noticed a death yak
 17293 | Lair:2   | Noticed a death yak
 17319 | Lair:2   | Killed a death yak
 17320 | Lair:2   | Killed a death yak
 17463 | Lair:2   | Noticed a death yak
 17464 | Lair:2   | Noticed a death yak
 17467 | Lair:2   | Noticed a death yak
 17488 | Lair:2   | Killed a death yak
 17496 | Lair:2   | Killed a death yak
 17497 | Lair:2   | Killed a death yak
 17505 | Lair:2   | Killed a death yak
 18164 | Lair:3   | Reached XP level 13. HP: 111/111 MP: 12/12
 18407 | Lair:3   | Reached skill level 10 in Shields
 18602 | Lair:3   | Found a transporter.
 18604 | Lair:3   | Found a transporter.
 18619 | Lair:3   | Noticed Caeppaus's ghost (journeyman GrFi)
 19159 | Lair:4   | Reached skill level 10 in Fighting
 19231 | Lair:4   | Found a staircase to the Snake Pit.
 19421 | Lair:4   | Found the +10 dark maul {vorpal}
 19438 | Lair:4   | Identified the +2 pair of boots of Pifogav {rC+ Dex+3}
 19709 | Lair:5   | Found a runed translucent door.
 19710 | Lair:5   | Noticed spaghetti's ghost (journeyman NaFE)
 19735 | Lair:5   | Noticed Nessos
 19747 | Lair:5   | Killed Nessos
 20099 | Lair:5   | Found a viscous altar of Jiyva.
 20100 | Lair:5   | Found a staircase to the Slime Pits.
 20531 | Temple   | Entered the Ecumenical Temple
 20896 | Temple   | Fell from the grace of Ignis
 20896 | Temple   | Became a worshipper of Ashenzari the Shackled
 21608 | Lair:6   | Entered Level 6 of the Lair of Beasts
 21882 | Lair:6   | Reached skill level 15 in Shields
 21899 | Lair:6   | Reached XP level 14. HP: 121/127 MP: 13/13
 22405 | Lair:6   | Reached skill level 10 in Armour
 22927 | Lair:6   | HP: 3/127 [fire elemental[the fiery vengeance of Ignis]
                  | (12)]
 22927 | Lair:6   | Slain by a fire elemental

Illustrated notes

Levels and vault maps discovered:
D:1:      evilmike_arrival_plus, layout_loops_ring, nrook_loot_triangle
D:2:      layout_basic, hellmonk_ecumenical_altar_lost_god,
          minmay_small_reverse_x
D:3:      layout_loops_corners, tgw_trog
D:4:      layout_basic, mainiacjoe_overflow_paths, serial_bayou_lagoon_b
D:5:      layout_rooms, minmay_temple_entry_butterflies,
          chequers_hall_statues_wall_a, minmay_manual_mail, uniq_eustachio
D:6:      nicolae_cairo_tiling_very_big, layout_loops_corners,
          mainiacjoe_overflow_six_doors_small
D:7:      layout_loops_ring, amcnicky_altar_gilded,
          grunt_temple_overflow_cloverleaf, serial_shops,
          nicolae_shop_temple_entry_statues_fountains, minmay_small_thing
D:8:      layout_basic, gup_ossuary_entry_pyramid, minmay_manual_mares
D:9:      layout_roguey, lemuel_doored_altar, lair_entry_dummy
D:10:     layout_rooms, grunt_gozag_statues, hiddenorc2_lemuel, enter_bailey_4,
          uniq_urug
D:11:     kennysheep_kobold_lugonu_temple, layout_irregular_city, serial_shops,
          nicolae_shop_hallway_plus, shop,
          nicolae_shop_temple_entry_statues_fountains, shop,
          kennysheep_little_box, portal_ice_cave_entry_ice_simulacra
D:12:     layout_rooms, uniq_kirke
Temple:   minmay_temple_forest_path
Lair:1:   layout_regular_city
Lair:2:   nzn_winding_woodlands_three_and_one
          [nzn_winding_woodlands_5x15_zeroes,
          nzn_winding_woodlands_5x15_sawtooth,
          nzn_winding_woodlands_5x15_pockets,
          nzn_winding_woodlands_center_garden], layout_long_grid,
          swamp_mist_pool, dreamdust_mushroom_princess, st_stairs_9
Lair:3:   layout_concentric_octagons, gammafunk_ghost_hive,
          serial_bayou_lagoon_a, grunt_megastairs_1
Lair:4:   layout_loops_ring, minmay_snake_entry_guardpost_large,
          enter_volcano_3, minmay_lindwurm_lava, infiniplex_staircase_pool,
          lemuel_fruit_fields
Lair:5:   layout_loops_ring, dpeg_slime_entry_enclosed_altar,
          ebering_ghost_reflecting_pool, roderic_carrion_pond,
          grunt_megastairs_4, serial_bayou_shore_a, uniq_nessos
Lair:6:   minmay_lair_end_frog_pond, layout_cave_pods

Skill      XL: |  1  2  3  4  5  6  7  8  9 10 11 12 13 14 |
---------------+-------------------------------------------+-----
Axes           | 4 5 6 8 10 12 14 16 18 | 18.4
Fighting       | 3 7 9 12 | 12.9
Armour         | 3 5 12 | 12.1
Shields        | 7 9 15 | 15.1
Throwing       | 9 |  9.7
Maces & Flails | 5 |  5.7
Dodging        | |  3.2

Action                   |  1- 3 |  4- 6 |  7- 9 | 10-12 | 13-15 || total
-------------------------+-------+-------+-------+-------+-------++-------
Melee: War axe           |    54 |    10 |     6 |       |       ||    70
       Headbutt          |     6 |    10 |    40 |   105 |   124 ||   285
       Hand axe          |     7 |    78 |   220 |    87 |    20 ||   412
       Punch             |     1 |       |     3 |       |       ||     4
       Broad axe         |       |       |     9 |   481 |   459 ||   949
Throw: Javelin           |       |       |    16 |    80 |    44 ||   140
       Boomerang         |       |       |       |       |    16 ||    16
Invok: Fiery Armour      |       |     1 |       |     1 |       ||     2
       Foxfire Swarm     |       |     2 |       |     3 |       ||     5
       Curse Item        |       |       |       |       |     1 ||     1
Evoke: Wand              |       |       |       |     5 |    16 ||    21
       Box of beasts     |       |       |       |       |     1 ||     1
       Phial of floods   |       |       |       |       |     1 ||     1
       Phantom mirror    |       |       |       |       |     1 ||     1
  Use: Scroll            |     5 |     9 |     8 |    19 |     2 ||    43
       Potion            |     2 |       |     2 |       |     4 ||     8
 Stab: Confused          |       |       |       |       |     1 ||     1
       Petrifying        |       |       |       |       |     1 ||     1
Armor: Leather armour    |    15 |    10 |       |       |       ||    25
       Chain mail        |       |    33 |    97 |   221 |    54 ||   405
       Plate armour      |       |       |       |       |   247 ||   247
Dodge: Dodged            |    44 |    24 |    63 |   170 |   121 ||   422
Block: Buckler           |       |       |       |   127 |       ||   127
       Kite shield       |       |       |       |    44 |   308 ||   352

Table legend: (Time is in decaauts)
 A = Elapsed time spent in this place.
 B = Non-inter-level travel time spent in this place.
 C = Inter-level travel time spent in this place.
 D = Time resting spent in this place.
 E = Time spent auto-exploring this place.
 F = Levels seen in this place.
 G = Mean time per level.
                   A        B        C        D        E       F      G
               +--------+--------+--------+--------+--------+-----+--------+
         Total |  22708 |  21775 |    933 |   6673 |  11108 |  19 | 1195.2 |
       Dungeon |  14890 |  14355 |    535 |   5025 |   7039 |  12 | 1240.8 |
        Temple |    423 |    314 |    109 |      0 |    301 |   1 |  423.0 |
          Lair |   7394 |   7106 |    288 |   1648 |   3767 |   6 | 1232.3 |
               +--------+--------+--------+--------+--------+-----+--------+

Top non-repeatable levels by time:
     D:6: 2168 daAuts
  Lair:2: 2060 daAuts
     D:7: 1759 daAuts
     D:9: 1431 daAuts
     D:8: 1375 daAuts
     D:4: 1374 daAuts
    D:11: 1337 daAuts
  Lair:1: 1215 daAuts
     D:3: 1209 daAuts
     D:1: 1189 daAuts
  Lair:4: 1178 daAuts
  Lair:6: 1111 daAuts
     D:2: 1087 daAuts
  Lair:5: 979 daAuts
     D:5: 967 daAuts
